 Dungeon Crawl Stone Soup version 0.28.0-43-g3370ac3207 (webtiles) character file.

Game seed: 16887536852415244307

7546 DrunkBamboolord the Zephyrmancer (level 11, -3/54 HPs)
             Began as a Tengu Air Elementalist on Feb 27, 2022.
             Was a Believer of Vehumet.
             Shot with an arrow by a centaur warrior (23 damage)
             ... on level 9 of the Dungeon on Mar 5, 2022.
             The game lasted 00:30:53 (10607 turns).

DrunkBamboolord the Zephyrmancer (TeAE)            Turns: 10607, Time: 00:30:54

Health: -3/54      AC:  7    Str: 10    XL:     11   Next: 16%
Magic:  17/34      EV: 17    Int: 19    God:    Vehumet [**....]
Gold:   462        SH:  5    Dex: 14    Spells: 16/29 levels left

rFire   + . .      SeeInvis .   E - +4 falchion of Hatred {freeze, rElec rF+ Will+ MP+9}
rCold   . . .      Faith    .   (no shield)
rNeg    . . .      Spirit   .   d - +0 steam dragon scales
rPois   +          Reflect  +   (helmet restricted)
rElec   +          Harm     .   x - +1 cloak
rCorr   .          Rampage  .   (no gloves)
Will    +....                   (boots unavailable)
Stlth   ++........              h - amulet of reflection
HPRegen 0.18/turn               w - ring of wizardry
MPRegen 0.24/turn               m - ring of poison resistance

@: flying quickly and evasively, quick
A: beak, talons 3, nimble flight
a: Renounce Religion


You were on level 9 of the Dungeon.
You worshipped Vehumet.
Vehumet was pleased with you.
You visited 2 branches of the dungeon, and saw 10 of its levels.

You collected 462 gold pieces.

Inventory:

Hand Weapons
 B - the +5 mace "Orchetol" {venom, Int+5 Dex+2}
   (You found it on level 7 of the Dungeon)

   It poisons the flesh of those it strikes.
   Int:       It affects your intelligence (+5).
   Dex:       It affects your dexterity (+2).
 E - the +4 falchion of Hatred (weapon) {freeze, rElec rF+ Will+ MP+9}
   (You found it on level 9 of the Dungeon)

   It freezes those it strikes, dealing additional cold damage.
   It can also slow down cold-blooded creatures.
   rF:        It protects you from fire.
   rElec:     It insulates you from electricity.
   MP:        It affects your magic capacity (+9).
   Will:      It increases your willpower.
Armour
 d - +0 steam dragon scales (worn)
 p - an orb of energy
 x - a +1 cloak (worn)
Jewellery
 c - an amulet of regeneration
 h - an amulet of reflection (around neck)
 k - a ring of resist corrosion
 m - a ring of poison resistance (right hand)
 w - a ring of wizardry (left hand)
Wands
 u - a wand of paralysis (6)
Scrolls
 i - 2 scrolls of vulnerability
 j - a scroll of blinking {unknown}
 q - 2 scrolls of fog
 r - 3 scrolls of magic mapping {unknown}
 s - a scroll of summoning {unknown}
 v - 8 scrolls of teleportation
 y - 2 scrolls of noise {unknown}
 A - a scroll of immolation {unknown}
 C - 2 scrolls of fear {unknown}
Potions
 a - 2 potions of degeneration {unknown}
 b - 3 potions of lignification {unknown}
 e - a potion of berserk rage {unknown}
 f - 2 potions of cancellation
 g - 2 potions of heal wounds {unknown}
 l - 3 potions of magic
 n - 3 potions of brilliance
 o - a potion of resistance
 t - 3 potions of curing {unknown}
 z - a potion of might {unknown}
 D - a potion of ambrosia {unknown}


   Skills:
 * Level 6.1 Dodging
 - Level 2.0 Stealth
 * Level 9.9 Spellcasting
 * Level 8.5 Conjurations
 * Level 4.9 Summonings
 * Level 12.8 Air Magic


You had 16 spell levels left.
You knew the following spells:

 Your Spells              Type           Power      Damage    Failure   Level
a - Shock                 Conj/Air       100%       1d9       1%          1
b - Static Discharge      Conj/Air       50%        N/A       1%          2
c - Swiftness             Air            55%        N/A       1%          3
d - Airstrike             Air            27%        N/A       1%          4
e - Summon Guardian Gole  Hex/Summ       18%        N/A       3%          3

Your spell library contained the following spells:

 Spells                   Type           Power      Damage    Failure   Level
 Foxfire                  Conj/Fire      100%       2x1d9     1%          1
 Animate Dead             Necr           4%         N/A       28%         4
 Orb of Destruction       Conj           21%        9d8       56%         7
 Borgnjor's Vile Clutch   Necr/Erth      4%         N/A       61%         5
 Spellforged Servitor     Conj/Summ      17%        N/A       82%         7
 Death Channel            Necr           4%         N/A       98%         6


Dungeon Overview and Level Annotations

Branches:
Dungeon (9/15)             Temple (1/1) D:5
   Lair: D:8-11         Orc: D:9-12

Altars:
Cheibriados
Dithmenos
Hepliaklqana
Kikubaaqudgha
Ru
Sif Muna
Trog
Uskayaw
Vehumet
Xom
Yredelemnul
Zin
The Shining One

Shops:
D:9 *

Annotations:
D:7 2 transporters, Lett1's ghost, novice MiFi
D:9 exclusions: centaur warrior and 3 more exclusions


Innate Abilities, Weirdness & Mutations

You have a beak for a mouth.
You have claws for feet.
Your magical nature lets you fly swiftly and evasively.


Message History

Things that are here:
a +0 dagger; a +0 robe
Things that are here:
a +0 mace; a +0 leather armour A bullfrog comes into view.
A bullfrog is nearby!
Aiming: Airstrike (safe; 1% risk of failure)
Press: ? - help, Q - select action, (/) - cycle Dir - move target, f - bullfrog
Aim: a bullfrog (wandering, hasn't noticed you, empty space bonus: 6/8)
The air twists around and strikes the bullfrog!
The bullfrog is severely wounded.
Unknown command.
Aiming: Airstrike (safe; 1% risk of failure)
Press: ? - help, Q - select action, (/) - cycle Dir - move target, f/p - bullfrog
Aim: a bullfrog (severely wounded, empty space bonus: 8/8)
The air twists around and strikes the bullfrog!
You kill the bullfrog!
Vehumet accepts your kill.
You feel your power returning.
A centaur warrior is nearby!
Aiming: Airstrike (safe; 1% risk of failure)
Press: ? - help, Q - select action, (/) - cycle Dir - move target, f - centaur warrior
Aim: a centaur warrior, wielding a +0 longbow and quivering arrows (wandering, hasn't noticed you, empty space bonus: 8/8)
The air twists around and strikes the centaur warrior!
The centaur warrior shouts!
The centaur warrior is moderately wounded.
The centaur warrior shoots an arrow.
The arrow hits you!
Aiming: Airstrike (safe; 1% risk of failure)
Press: ? - help, Q - select action, (/) - cycle Dir - move target, f/p - centaur warrior
Aim: a centaur warrior, wielding a +0 longbow and quivering arrows (moderately wounded, empty space bonus: 8/8)
The air twists around and strikes the centaur warrior!
The centaur warrior is heavily wounded.
The centaur warrior shoots an arrow.
The arrow hits you!!
Aiming: Airstrike (safe; 1% risk of failure)
Press: ? - help, Q - select action, (/) - cycle Dir - move target, f/p - centaur warrior
Aim: a centaur warrior, wielding a +0 longbow and quivering arrows (heavily wounded, empty space bonus: 8/8)
The air twists around and strikes the centaur warrior!
The centaur warrior is severely wounded.
The centaur warrior shoots an arrow.
The arrow hits you!!
You die...

#......# #..##.. #.....)#
#..##.. )... #......# #..##..
..).... #......# #..##..
....).).# #......# #..##.[
#.........# #......# #..##).
#.........# #......# #..##..
#......c..###......####....[.
.
#...........@......)....####.
... #.......................#
#.
....#.......................#
#.
............................#
#.
.................รท..........#
#.
..####'####.................#
#. ... #.......####......# #.
#...# #.......# #......# #.
#..#! #.......# #......# #.


You could see a centaur warrior.

Vanquished Creatures
  2 two-headed ogres (D:8)
  A cyclops (D:6)
  Psyche (D:9)
  An unseen horror (D:6)
  A hornet (D:6)
  A wraith (D:9)
  4 yaks (D:9)
  Eustachio (D:5)
  2 steam dragons
  A wyvern (D:7)
  Menkaure (D:5)
  6 water moccasins
  An acid dragon (D:6)
  2 ice beasts
  A sky beast (D:8)
  2 black bears
  3 ogres
  A centaur (D:8)
  4 phantoms
  5 bullfrogs (D:9)
  A kobold brigand (D:5)
  2 scorpions
  8 killer bees
  11 wights
  3 electric eels (D:6)
  2 centaur zombies
  A gnoll shaman (D:7)
  2 orc priests (D:9)
  An iguana (D:6)
  Jessica (D:2)
  A bullfrog skeleton (D:6)
  3 orc wizards
  A killer bee zombie (D:8)
  A howler monkey zombie (D:4)
  4 gnolls (D:7)
  6 adders
  A shadow imp (D:6)
  2 white imps
  An ufetubus (D:6)
  2 worms
  3 dart slugs
  14 orcs
  3 bats
  6 endoplasms
  3 giant cockroaches
  5 goblins
  8 hobgoblins
  2 jackals (D:5)
  11 kobolds
  4 quokkas
  6 ball pythons
  A frilled lizard (D:2)
  6 rats
167 creatures vanquished.

Vanquished Creatures (others)
  A water moccasin (D:6)
  35 fungi (D:9)
  48 plants
84 creatures vanquished.

Grand Total: 251 creatures vanquished

Notes
Turn   | Place    | Note
-------+----------+-------------------------------------------
     0 | D:1      | DrunkBamboolord the Tengu Air Elementalist began the quest
                  | for the Orb.
     0 | D:1      | Reached XP level 1. HP: 10/10 MP: 4/4
    12 | D:1      | Upgraded the game from 0.28.0-1-gb440e238dd to
                  | 0.28.0-43-g3370ac3207
    94 | D:1      | Reached XP level 2. HP: 15/15 MP: 0/6
   378 | D:1      | Found a faded altar of an unknown god.
   846 | D:1      | Reached XP level 3. HP: 19/19 MP: 4/7
  1063 | D:2      | Learned a level 2 spell: Static Discharge
  1067 | D:2      | Learned a level 3 spell: Swiftness
  1261 | D:2      | Noticed Jessica
  1265 | D:2      | Killed Jessica
  1266 | D:2      | Reached skill level 5 in Air Magic
  1266 | D:2      | Reached XP level 4. HP: 24/24 MP: 3/8
  2901 | D:4      | Noticed a phantom
  3014 | D:4      | Noticed a phantom
  3031 | D:4      | Killed a phantom
  3032 | D:4      | Gained mutation: Your magical nature lets you fly swiftly
                  | and evasively. [Tengu growth]
  3032 | D:4      | Reached XP level 5. HP: 23/28 MP: 0/11
  3122 | D:4      | Learned a level 4 spell: Airstrike
  3352 | D:4      | Found a sacrificial altar of Ru.
  3366 | D:4      | Killed a phantom
  3367 | D:4      | Reached skill level 6 in Air Magic
  3367 | D:4      | Reached XP level 6. HP: 18/32 MP: 4/12
  3614 | D:4      | Noticed a black bear
  3643 | D:4      | Killed a black bear
  3881 | D:4      | Found a glowing silver altar of Zin.
  3881 | D:4      | Noticed an angel
  4035 | D:5      | Entered Level 5 of the Dungeon
  4049 | D:5      | Reached XP level 7. HP: 35/36 MP: 0/14
  4129 | D:5      | Reached skill level 5 in Conjurations
  4247 | D:5      | Reached skill level 7 in Air Magic
  4413 | D:5      | Found a staircase to the Ecumenical Temple.
  4443 | Temple   | Entered the Ecumenical Temple
  4530 | Temple   | Became a worshipper of Vehumet
  4587 | D:5      | Noticed Menkaure
  4591 | D:5      | Killed Menkaure
  4592 | D:5      | Reached skill level 5 in Spellcasting
  4592 | D:5      | Reached XP level 8. HP: 41/41 MP: 11/16
  4664 | D:5      | Noticed Eustachio
  4692 | D:5      | Killed Eustachio
  4857 | D:5      | Learned a level 3 spell: Summon Guardian Golem
  4941 | D:5      | Reached skill level 8 in Air Magic
  5143 | D:6      | Reached skill level 1 in Summonings
  5522 | D:6      | Noticed a hornet
  5524 | D:6      | Killed a hornet
  5687 | D:6      | Reached XP level 9. HP: 30/45 MP: 10/19
  6024 | D:6      | Reached skill level 9 in Air Magic
  6239 | D:6      | Noticed a cyclops
  6563 | D:6      | Killed an unseen horror
  7139 | D:6      | Killed a cyclops
  7140 | D:6      | Reached skill level 5 in Dodging
  7140 | D:6      | Reached skill level 10 in Air Magic
  7243 | D:7      | Found a snail-covered altar of Cheibriados.
  7255 | D:7      | Reached * piety under Vehumet
  7255 | D:7      | Offered knowledge of Sandblast by Vehumet.
  7551 | D:7      | Reached XP level 10. HP: 44/50 MP: 2/22
  7696 | D:7      | Found an ancient bone altar of Kikubaaqudgha.
  8046 | D:7      | Found a transporter.
  8083 | D:7      | Found a transporter.
  8085 | D:7      | Noticed Lett1's ghost (novice MiFi)
  8260 | D:7      | Identified the +5 mace "Orchetol" {venom, Int+5 Dex+2}
  8621 | D:8      | Reached skill level 11 in Air Magic
  8725 | D:8      | Noticed a two-headed ogre
  8802 | D:8      | Killed a two-headed ogre
  9306 | D:9      | Noticed Psyche
  9309 | D:9      | Killed Psyche
  9314 | D:9      | Noticed a two-headed ogre
  9367 | D:8      | Killed a two-headed ogre
  9368 | D:8      | Reached skill level 12 in Air Magic
  9512 | D:9      | Offered knowledge of Foxfire by Vehumet.
  9515 | D:9      | Reached ** piety under Vehumet
  9736 | D:9      | Noticed a centaur warrior
  9875 | D:9      | Reached XP level 11. HP: 54/54 MP: 13/25
 10279 | D:9      | Found Wukkub's General Store.
 10469 | D:9      | Identified the +4 falchion of Hatred {freeze, rElec rF+
                  | Will+ MP+9}
 10607 | D:9      | Shot with an arrow by a centaur warrior

Illustrated notes

Levels and vault maps discovered:
D:1:      minmay_arrival_radiant_lines, layout_rooms,
          shapermc_ecumenical_altar_mp_vishouse, minivault_27,
          amcnicky_mini_corridor_feature
D:2:      layout_loops_ring, corner_web_ring, uniq_jessica
D:3:      layout_basic
D:4:      layout_loops_corners, zin_angel, mainiacjoe_overflow_24_doors,
          grunt_decor_junction
D:5:      layout_basic, minmay_temple_entry_mini_moons, st_stairs_10,
          chequers_mini_garden, minmay_splitting_lines, uniq_menkaure,
          uniq_eustachio
D:6:      minmay_cornered_nines, layout_basic, water_maze_lemuel
D:7:      layout_basic, nicolae_kikubaaqudgha_miasma_corner,
          mainiacjoe_overflow_chevrons, gammafunk_ghost_gnarly_gnolls
D:8:      layout_cave_pools, minmay_misc_feat_five, grunt_decor_fettered
D:9:      hangedman_cross_veins, layout_long_grid, due_lair_maze_entry_diamond,
          serial_shops, nicolae_lakefront_shop, kennysheep_generic_room_10,
          uniq_psyche
Temple:   hc_temple_tempest_star

Skill      XL: |  1  2  3  4  5  6  7  8  9 10 |
---------------+-------------------------------+-----
Conjurations   | 2 3 4 5 6 7 8 |  8.5
Air Magic      | 5 6 7 8 10 12 | 12.8
Spellcasting   | 3 4 5 6 7 9 |  9.9
Dodging        | 3 4 5 6 |  6.1
Summonings     | 2 3 4 |  4.9
Stealth        | |  2.0

Action                   |  1- 3 |  4- 6 |  7- 9 | 10-12 || total
-------------------------+-------+-------+-------+-------++-------
Melee: Club              |       |       |    32 |     6 ||    38
       Kick              |       |       |    11 |     2 ||    13
       Peck              |       |       |     7 |     1 ||     8
       Mace              |       |       |       |     3 ||     3
 Cast: Shock             |    58 |    74 |    69 |    52 ||   253
       Static Discharge  |       |    18 |    13 |    27 ||    58
       Airstrike         |       |       |    46 |    52 ||    98
       Summon Guardian G |       |       |     4 |     1 ||     5
  Use: Scroll            |     1 |     3 |     3 |       ||     7
       Potion            |       |       |     2 |       ||     2
 Stab: Sleeping          |       |       |     1 |       ||     1
Armor: Robe              |     1 |     8 |     1 |       ||    10
       Steam dragon scal |       |       |     4 |     9 ||    13
Dodge: Dodged            |     4 |    27 |    51 |    45 ||   127
Block: Other             |       |       |       |     2 ||     2
